 Dungeon Crawl Stone Soup version 0.31-a0-1620-gcbf77bbcfc (webtiles) character file.

Game seed: 4062069657646811934

753 Flugslaktarn the Trooper (level 7, -4/64 HPs)
             Began as a Minotaur Fighter on Jan 11, 2024.
             Killed from afar by an orc wizard (7 damage)
             ... with a magic dart
             ... on level 5 of the Dungeon.
             The game lasted 00:01:51 (2605 turns).

Flugslaktarn the Trooper (Minotaur Fighter)         Turns: 2605, Time: 00:01:51

Health: -4/64      AC:  7    Str: 26    XL:     7   Next: 49%
Magic:  6/6        EV:  9    Int:  2    God:
Gold:   1001       SH:  4    Dex:  9    Spells: 6/6 levels left

rFire   . . .        a - +0 war axe (elec)
rCold   . . .        c - +0 buckler
rNeg    . . .        b - +0 scale mail
rPois   .            (helmet restricted)
rElec   .            g - scarf {repulsion}
rCorr   .            (no gloves)
SInv    .            (no boots)
Will    +....        (no amulet) Stlth
                     (no ring)
HPRegen 0.30/turn    (no ring)
MPRegen 0.10/turn

%: repel missiles
@: no status effects
A: horns 2, retaliatory headbutt, dopey 1, strong-willed 1, strong 1, evolution
1, persistent drain
a: no special abilities


You were on level 5 of the Dungeon.
You visited 1 branch of the dungeon, and saw 5 of its levels.

You collected 1001 gold pieces.

Inventory:

Hand Weapons
 a - a +0 war axe of electrocution (weapon)
Armour
 b - a +0 scale mail (worn)
 c - a +0 buckler (worn)
 g - a scarf of repulsion (worn)
   (You found it on level 1 of the Dungeon)
Wands
 h - a wand of charming (15)
   (You found it on level 4 of the Dungeon)
Scrolls
 f - 2 scrolls of immolation
 i - a scroll of poison {unknown}
 k - a scroll of noise {unknown}
 m - a scroll of fog {unknown}
 r - a scroll of identify
 t - 2 scrolls of teleportation
Potions
 d - a potion of might
 e - a potion of invisibility {unknown}
 j - a potion of attraction {unknown}
 l - 2 potions of enlightenment {unknown}
 n - a potion of berserk rage {unknown}


   Skills:
 * Level 6.9 Fighting
 * Level 6.2 Axes
 + Level 5.4 Armour
 + Level 5.3 Shields


You had 6 spell levels left.
You didn't know any spells.
Your spell library contained the following spells:

 Spells                   Type           Power      Damage    Failure   Level
 Hailstorm                Conj/Ice       0%         3d5       99%         3
 Summon Ice Beast         Ice/Summ       0%         N/A       99%         3
 Sculpt Simulacrum        Ice/Alch       0%         N/A       100%        6


Dungeon Overview and Level Annotations

Branches:
Dungeon (5/15)
 Temple: D:4-7

Altars:
Kikubaaqudgha
Nemelex Xobeh
Uskayaw
Vehumet
Zin


Innate Abilities, Weirdness & Mutations

You have a pair of horns on your head.
You reflexively headbutt those who attack you in melee.
You are dopey. (Int -2)
You are strong-willed. (Will+)
Your muscles are strong. (Str +4, Int/Dex -1)
You have hidden genetic potential.
Your health recovers twice as slowly from being drained.


Message History

The orc warrior wields a +0 war axe.
The orc warrior hits you with a +0 war axe!
You closely miss the orc wizard. You barely miss something. You miss something.
You hit the orc warrior.
Lightning courses through the orc warrior!
The orc wizard hits you but does no damage.
Something hits you but does no damage. x2
The orc warrior hits you with a +0 war axe!!
* * * LOW HITPOINT WARNING * * *
You are too injured to fight recklessly!
You are too injured to fight recklessly!
You feel much better.
The orc wizard hits you with a +0 dagger.
Something hits you. x2
The orc warrior hits you but does no damage.
You closely miss the orc warrior.
The orc warrior is heavily wounded.
You barely miss the orc wizard. You slash something!
Lightning courses through something!
Reactivating autopickup.
You feel a bit more experienced.
You miss something. You miss the adder.
The orc wizard hits you but does no damage.
Something hits you.
Deactivating autopickup; reactivate with Ctrl-A.
The adder bites you. The orc warrior barely misses you.
You block the iguana's attack.
You hit the orc warrior.
The orc warrior is heavily wounded.
You closely miss something. You slash the adder!
Lightning courses through the adder!
You kill the adder!
You hit the iguana but do no damage. You closely miss the orc wizard.
The orc wizard hits you but does no damage.
Something hits you but does no damage.
The orc warrior hits you with a +0 war axe!
The iguana bites you.
* * * LOW HITPOINT WARNING * * *
The orc wizard hits you with a +0 dagger.
* * * LOW HITPOINT WARNING * * *
Something hits you but does no damage.
You feel much better. The orc warrior closely misses you. The iguana bites you!
Something hits you.
The orc wizard hits you but does no damage.
You slash the orc warrior!
You kill the orc warrior!
You barely miss the orc wizard. You barely miss something.
You hit the iguana but do no damage. Lightning courses through the iguana!
The iguana bites you! Something hits you but does no damage.
The orc wizard completely misses you.
Your Axes skill increases to level 6!
You miss something. You closely miss the iguana.
You closely miss the orc wizard. The iguana bites you!
* * * LOW HITPOINT WARNING * * *
The orc wizard barely misses you.
You hear some strange, mumbled words.
You are confused.
The iguana bites you but does no damage.
The orc wizard hits you but does no damage.
Items here: )) [ †.
You feel better.
The iguana bites you but does no damage.
The orc wizard hits you but does no damage.
Something hits you but does no damage.
You closely miss something. You closely miss the iguana.
You hit the orc wizard.
Lightning courses through the orc wizard!!
You kill the orc wizard!
The iguana completely misses you. Something hits you.
* * * LOW HITPOINT WARNING * * *
You barely miss the iguana. Your headbutt misses the iguana.
The iguana is heavily wounded.
You closely miss something. The iguana bites you!
* * * LOW HITPOINT WARNING * * *
Something hits you but does no damage. The iguana closely misses you.
You furiously retaliate!
You headbutt the iguana!
You kill the iguana!
Your life force feels restored.
You completely miss something. Something hits you.
* * * LOW HITPOINT WARNING * * *
Something hits you but does no damage.
You closely miss something. Something hits you but does no damage.
You closely miss something. Something hits you.
* * * LOW HITPOINT WARNING * * *
You closely miss something. Something hits you but does no damage.
You feel a genetic drift.
You feel strong-willed.
Okay, then.
You closely miss something. Something completely misses you.
You barely miss something. Your headbutt misses something.
Something hits you but does no damage. x2
You barely miss something. Something hits you but does no damage.
You miss something. Your headbutt misses something.
Something hits you but does no damage.
You miss something. Something hits you.
* * * LOW HITPOINT WARNING * * *
You miss something.
You hear some strange, mumbled words.
A magic dart appears from out of thin air!
The magic dart hits you!
You die...

...#.. ..... ......
.... ...... ...#
......## ...###.
........ .......
.......##....#
........))...#
#..@{....### .
#..).†.....# ..
##.###.....##...
.######.# #.........
........####.........
......#....#........)
.......<.)...<....#
..##....)).###..### .
#...........##


There were no monsters in sight!

Vanquished Creatures
  Sigmund (D:3)
  Edmund (D:4)
  An orc warrior (D:5)
  A scorpion (D:5)
  A jelly (D:4)
  An orc priest (D:5)
  Ijyb (D:3)
  An iguana (D:5)
  3 orc wizards (D:5)
  6 adders
  4 gnolls
  2 dart slugs (D:1)
  A ribbon worm (D:4)
  2 orcs (D:5)
  8 bats
  8 endoplasms
  3 giant cockroaches
  4 goblins
  4 hobgoblins
  A jackal (D:4)
  3 quokkas
  3 ball pythons
  4 frilled lizards
  6 kobolds
  4 rats
74 creatures vanquished.

Notes
Turn   | Place    | Note
-------+----------+-------------------------------------------
     0 | D:1      | Flugslaktarn the Minotaur Fighter began the quest for the
                  | Orb.
     0 | D:1      | Reached XP level 1. HP: 19/19 MP: 0/0
    95 | D:1      | Reached XP level 2. HP: 27/27 MP: 1/1
   194 | D:1      | Reached XP level 3. HP: 30/33 MP: 2/2
   329 | D:1      | You fall into a shaft and drop 1 floor!
   509 | D:2      | Reached XP level 4. HP: 41/41 MP: 3/3
   886 | D:2      | Identified the +8 orcbow of the Skies Above {freeze, rC+
                  | Int+2 Dex+4}
  1180 | D:3      | Found a hide-covered altar of Uskayaw.
  1182 | D:3      | Found a sparkling altar of Nemelex Xobeh.
  1182 | D:3      | Noticed an ogre
  1258 | D:3      | Noticed Sigmund
  1265 | D:3      | Killed Sigmund
  1266 | D:3      | Reached skill level 5 in Fighting
  1266 | D:3      | Reached XP level 5. HP: 45/49 MP: 4/4
  1427 | D:3      | Noticed Ijyb
  1439 | D:3      | Killed Ijyb
  1440 | D:3      | Reached XP level 6. HP: 46/57 MP: 5/5
  1535 | D:3      | Found an ancient bone altar of Kikubaaqudgha.
  1834 | D:4      | Noticed Edmund
  1838 | D:4      | Gained mutation: You are frail. (-10% HP) [potion of
                  | mutation]
  1838 | D:4      | Gained mutation: Your health recovers twice as slowly from
                  | being drained. [potion of mutation]
  1838 | D:4      | Gained mutation: You possess an exceptional clarity of
                  | mind. [potion of mutation]
  1845 | D:4      | Killed Edmund
  1846 | D:4      | Reached skill level 5 in Axes
  1909 | D:4      | Lost mutation: You are frail. (-10% HP) [potion of
                  | mutation]
  1909 | D:4      | Lost mutation: You possess an exceptional clarity of mind.
                  | [potion of mutation]
  1909 | D:4      | Gained mutation: Your muscles are strong. (Str +4, Int/Dex
                  | -1) [potion of mutation]
  1909 | D:4      | Gained mutation: You are dopey. (Int -2) [potion of
                  | mutation]
  1909 | D:4      | Gained mutation: You have hidden genetic potential. [potion
                  | of mutation]
  1914 | D:4      | Identified a scroll of acquirement
  1914 | D:4      | Acquired 819 gold pieces
  2026 | D:4      | Found a glowing silver altar of Zin.
  2032 | D:4      | Reached skill level 5 in Armour
  2051 | D:4      | Found a radiant altar of Vehumet.
  2524 | D:5      | Entered Level 5 of the Dungeon
  2529 | D:5      | Reached skill level 5 in Shields
  2529 | D:5      | Reached XP level 7. HP: 57/60 MP: 6/6
  2596 | D:5      | HP: 2/64 [something (3)]
  2599 | D:5      | Gained mutation: You are strong-willed. (Will+) [hidden
                  | potential]
  2604 | D:5      | HP: 3/64 [something (1)]
  2605 | D:5      | Killed from afar by an orc wizard

Illustrated notes

Levels and vault maps discovered:
D:1:      evilmike_arrival_crescent, layout_rooms, minmay_indecisive_spiral
D:2:      layout_loops_cross
D:3:      layout_rooms, mainiacjoe_overflow_six_doors_small,
          mainiacjoe_overflow_catwalk_spiral, uniq_ijyb, uniq_sigmund
D:4:      kennysheep_big_flooded_room, layout_basic, jmf_multi_god_temple,
          uniq_edmund
D:5:      layout_basic, nicolae_wu_jian_glorious_leap, serial_shops, shop

Skill      XL: |  1  2  3  4  5  6  7 |
---------------+----------------------+-----
Fighting       | 4 5 6 |  6.9
Axes           | 3 4 5 6 |  6.2
Armour         | 4 5 |  5.4
Shields        | 4 5 |  5.3

Action                     |  1- 3 |  4- 6 |  7- 9 || total
---------------------------+-------+-------+-------++-------
  Melee: War axe           |    45 |    82 |    22 ||   149
         Headbutt          |     4 |    15 |       ||    19
         Unarmed           |       |    10 |       ||    10
    Use: Potion            |       |     4 |     3 ||     7
         Scroll            |       |     7 |       ||     7
 Armour: Scale mail        |    31 |    58 |    48 ||   137
         Skin              |       |     2 |       ||     2
  Dodge: Dodged            |    26 |    51 |     9 ||    86
  Block: Buckler           |    16 |    19 |     1 ||    36

Table legend: (Time is in decaauts)
 A = Elapsed time spent in this place.
 B = Non-inter-level travel time spent in this place.
 C = Inter-level travel time spent in this place.
 D = Time resting spent in this place.
 E = Time spent auto-exploring this place.
 F = Levels seen in this place.
 G = Mean time per level.
                   A        B        C        D        E       F      G
               +--------+--------+--------+--------+--------+-----+--------+
         Total |   2650 |   2584 |     66 |    104 |   2026 |   5 |  530.0 |
       Dungeon |   2650 |   2584 |     66 |    104 |   2026 |   5 |  530.0 |
               +--------+--------+--------+--------+--------+-----+--------+

Top non-repeatable levels by time:
     D:2: 867 daAuts
     D:4: 801 daAuts
     D:3: 556 daAuts
     D:1: 340 daAuts
     D:5: 85 daAuts
